 Dungeon Crawl Stone Soup version 0.28.0-62-gf88900778d (webtiles) character file.

Game seed: 4109221680943240648

156603 cbfl8 the Tortoise (level 17, -2/237 HPs)
             Began as a Minotaur Berserker on June 22, 2023.
             Was a High Priest of Trog.
             Succumbed to a nagaraja's bolt of poison
             ... on level 2 of the Snake Pit.
             The game lasted 00:52:30 (46909 turns).

cbfl8 the Tortoise (Minotaur Berserker)            Turns: 46909, Time: 00:52:30

Health: -2/237     AC: 38    Str: 22    XL:     17   Next: 10%
Magic:  16/16      EV: 11    Int:  4    God:    Trog [*****.]
Gold:   2073       SH: 22    Dex: 26    Spells: 16/16 levels left

rFire   . . .      SeeInvis +   M - +0 broad axe (freeze)
rCold   + . .      Faith    .   v - +1 kite shield {rPois}
rNeg    . . .      Spirit   .   R - +3 crystal plate armour {rC+}
rPois   +          Reflect  +   (helmet restricted)
rElec   +          Harm     .   g - +2 cloak
rCorr   .          Rampage  .   O - +2 pair of gloves of Cyfekel {rElec rPois Dex+2 Stlth+}
Will    +....                   j - +1 pair of boots
Stlth   ..........              I - amulet of reflection
HPRegen 0.49/turn               t - +6 ring of dexterity
MPRegen 0.15/turn               N - ring of see invisible

@: berserking, lethally poisoned (-2 -> -20), weakened, studying Dodging, very
quick
A: horns 2, retaliatory headbutt
a: Renounce Religion, Berserk, Trog's Hand, Brothers in Arms


You were on level 2 of the Snake Pit.
You worshipped Trog.
Trog was extremely pleased with you.
You visited 5 branches of the dungeon, and saw 29 of its levels.
You also visited: Gauntlet and Ice Cave.

You collected 2248 gold pieces.
You spent 175 gold pieces at shops.

Inventory:

Hand Weapons
 r - a +1 war axe of flaming
 s - a +5 antimagic war axe
 M - a +0 broad axe of freezing (weapon)
Missiles
 i - 9 throwing nets
Armour
 g - a +2 cloak (worn)
 j - a +1 pair of boots (worn)
 v - a +1 kite shield of poison resistance (worn)
 O - the +2 pair of gloves of Cyfekel (worn) {rElec rPois Dex+2 Stlth+}
   (You found it in an ice cave)

   Dex:       It affects your dexterity (+2).
   rElec:     It insulates you from electricity.
   rPois:     It protects you from poison.
   Stlth:     It makes you more stealthy.
 R - a +3 crystal plate armour of cold resistance (worn)
Jewellery
 t - a +6 ring of dexterity (left hand)
 I - an amulet of reflection (around neck)
 N - a ring of see invisible (right hand)
Wands
 y - a wand of iceblast (4)
 C - a wand of charming (16)
 G - a wand of paralysis (14)
 H - a wand of flame (61)
 J - a wand of digging (9)
 K - a wand of polymorph (5) (quivered)
 Q - a wand of mindburst (4)
Scrolls
 a - 6 scrolls of fog
 n - a scroll of holy word
 o - 8 scrolls of teleportation
 q - 6 scrolls of immolation
 w - a scroll of silence
 x - a scroll of summoning
 B - a scroll of magic mapping
 D - 5 scrolls of noise
 F - a scroll of fear
 U - a scroll of enchant armour
 X - 3 scrolls of blinking
Potions
 b - a potion of resistance {unknown}
 c - 7 potions of heal wounds
 d - 6 potions of haste
 f - 5 potions of ambrosia
 h - 9 potions of mutation
 k - 6 potions of lignification
 l - 9 potions of curing
 m - 4 potions of cancellation
 p - 4 potions of invisibility
 u - 3 potions of flight {unknown}
 A - 2 potions of might
 E - 2 potions of berserk rage {unknown}
 L - a potion of magic {unknown}
Miscellaneous
 e - a phial of floods
 z - a tin of tremorstones (2/2)
 P - a piece from Xom's chessboard (15/15)
 T - a lightning rod (4/4)
 V - a box of beasts


   Skills:
 * Level 15.9 Fighting
 + Level 17.2 Axes
 * Level 17.4 Armour
 * Level 11.4 Dodging
 + Level 6.3 Stealth
 * Level 15.9 Shields
 * Level 10.4 Evocations


You had 16 spell levels left.
You didn't know any spells.
Your spell library was empty.

Dungeon Overview and Level Annotations

Branches:
Dungeon (15/15)            Temple (0/1) D:7            Lair (6/6) D:9
  Swamp (4/4) Lair:3        Snake (2/4) Lair:4        Slime (0/5) Lair:5
    Orc (2/2) D:11            Elf (0/3) Orc:2        Vaults (0/5) D:14
 Depths (0/4) D:15          IceCv (visited)         Gauntlet (visited)

Altars:
Cheibriados
Dithmenos
Elyvilon
Gozag
Hepliaklqana
Kikubaaqudgha
Trog
Wu Jian
Zin
Beogh

Shops:
D:5 (   D:6 (?!(   D:7 (   D:8 =[   D:9 [   Orc:2 **[=(

Annotations:
Swamp:2 3 runed translucent doors, Coron's ghost, adept DDAK


Innate Abilities, Weirdness & Mutations

You have a pair of horns on your head.
You reflexively headbutt those who attack you in melee.


Message History

Trog accepts your kill.
You slash the salamander! You freeze the salamander. You hit the anaconda.
The anaconda seems to slow down.
You freeze the anaconda. You barely miss the naga. You hit the salamander.
You freeze the salamander. You slash the salamander tyrant!
You freeze the salamander tyrant! You barely miss the naga warrior.
You slash the guardian serpent! You freeze the guardian serpent.
You feel sick.
You block the guardian serpent's attack.
The salamander hits you!!
* * * LOW HITPOINT WARNING * * *
You are engulfed in flames!
* * * LOW HITPOINT WARNING * * *
The salamander tyrant gazes fiercely through you!
You feel as though you will be weak longer.
The salamander tyrant barely misses you.
You furiously retaliate!
You headbutt the salamander tyrant! You block the naga warrior's attack.
The nagaraja gestures at you while chanting.
The bolt of poison hits you.
You are more poisoned.
You resist.
* * * LOW HITPOINT WARNING * * *
The bolt of poison hits the naga!
The naga is poisoned.
You escape the anaconda's grasp.
* * * LOW HITPOINT WARNING * * *
You feel very sick.
You block the guardian serpent's attack.
The salamander hits you with a +0 trident.
* * * LOW HITPOINT WARNING * * *
You are engulfed in flames!
* * * LOW HITPOINT WARNING * * *
The anaconda grabs you.
You stop ascending the stairs.
The anaconda bites you but does no damage.
The anaconda constricts you. The naga spits poison at you.
The splash of poison hits you but does no damage.
You resist. You block the salamander's attack.
You escape the anaconda's grasp.
You feel a strong urge to attack something.
You die...

..# ##.. ###..#
< . ... ...
#...#####
...N#.#.....##.
......SNN......
..!...)@N......
...#..NSN......
#...........
.....S.......
#..#..........
#...<.........
#...#.....N...
..#........<..


You could see a naga warrior, a nagaraja (fast), a salamander tyrant (strong), 2
salamanders, an anaconda (slow), a naga ritualist, a guardian serpent, a black
mamba and a naga (strong, poisoned, catching breath).

Vanquished Creatures
  Donald (Orc:2)
  A nagaraja (Snake:1)
  2 orc warlords
  3 ghouls (Swamp:2)
  Louise (Snake:1)
  A reaper (IceCv)
  Nessos (D:15)
  2 eleionomae (Swamp:3)
  A spark wasp (shapeshifter) (D:15)
  4 bunyips
  Snorg (Orc:1)
  A minotaur (Gauntlet)
  2 shambling mangroves
  A fire dragon (Lair:6)
  10 hydras
  A naga warrior (Snake:1)
  7 boulder beetles
  2 vault guards (D:14)
  2 anacondas
  An ogre mage (D:15)
  3 ghost crabs
  8 death yaks
  3 centaur warriors
  3 two-headed ogres (D:15)
  13 alligators
  Urug (D:13)
  A tengu warrior (D:15)
  2 thrashing horrors (Gauntlet)
  2 orc high priests
  2 shock serpents (Snake:1)
  Sonja (Lair:2)
  A fire crab (shapeshifter) (D:13)
  5 goliath frogs
  5 spriggan druids
  A glowing orange brain (D:15)
  5 orc knights
  A death drake (Gauntlet)
  11 bog bodies
  2 swamp dragons (Swamp:1)
  2 deep elf pyromancers
  2 orc sorcerers (Orc:2)
  A lindwurm (Lair:6)
  A spectral wolf spider (Gauntlet)
  4 will-o-the-wisps
  23 ugly things
  2 manticores
  9 spectral spriggans (Swamp:2)
  4 cyclopes
  2 mana vipers (Snake:1)
  A salamander (Snake:2)
  13 elephants
  4 centaur zombies
  Maurice (D:8)
  15 black mambas
  2 spectral centaurs (Gauntlet)
  An ice statue (IceCv)
  2 gargoyles (D:14)
  A naga mage (Snake:2)
  2 molten gargoyles (Lair:6)
  6 rime drakes
  A torpor snail (Lair:6)
  12 cane toads
  An ice devil (IceCv)
  4 freezing wraiths
  11 komodo dragons
  A tengu conjurer (D:15)
  7 tyrant leeches
  A queen bee (D:13)
  6 meliai (D:13)
  7 trolls
  4 polar bears (Lair:4)
  11 hornets
  17 slime creatures
  17 blink frogs
  4 shadows
  A culicivora (shapeshifter) (D:14)
  6 spriggans
  3 dire elephant simulacra (IceCv)
  2 wraiths
  9 wyverns
  56 yaks
  9 basilisks
  9 humans (D:14)
  A death yak simulacrum (IceCv)
  4 steam dragons
  9 vampire mosquitoes
  3 wargs
  6 nagas
  A two-headed ogre zombie (D:11)
  12 swamp worms
  A harpy simulacrum (IceCv)
  3 hell hounds (Lair:6)
  11 water moccasins
  A swamp drake (Swamp:2)
  28 orc warriors
  A sky beast (D:6)
  2 ice beasts
  A necrophage (D:6)
  2 black bears (Lair:1)
  9 wolves
  12 ogres
  9 centaurs
  A phantom (D:11)
  3 small abominations (Gauntlet)
  3 kobold brigands
  11 bullfrogs
  3 gnoll sergeants
  4 cane toad simulacra (IceCv)
  3 scorpions
  3 two-headed ogre simulacra (IceCv)
  2 water moccasin skeletons
  2 elephant simulacra (IceCv)
  A troll zombie (D:11)
  17 killer bees
  2 electric eels (Lair:6)
  9 wights
  6 howler monkeys
  5 lava snakes (Lair:6)
  6 hounds
  5 jellies
  A bullfrog skeleton (D:4)
  5 gnoll shamans
  19 orc priests
  Crazy Yiuf (D:2)
  A centaur skeleton (D:4)
  Jessica (D:3)
  4 iguanas
  28 orc wizards
  A polar bear simulacrum (IceCv)
  2 hell rats (D:9)
  A spriggan simulacrum (IceCv)
  6 troll simulacra (IceCv)
  2 wolf simulacra (IceCv)
  6 ogre zombies (D:11)
  39 gnolls
  2 howler monkey skeletons (D:7)
  3 adders
  7 naga simulacra (IceCv)
  4 river rats (D:9)
  4 white imps (IceCv)
  7 ufetubi (IceCv)
  3 worms
  2 dart slugs
  69 orcs
  6 ball pythons
  8 bats
  8 endoplasms
  4 giant cockroaches
  6 hobgoblins
  9 jackals
  6 quokkas
  5 frilled lizards
  10 goblins
  2 goblin skeletons (D:11)
  3 goblin zombies (D:11)
  2 hobgoblin skeletons (D:11)
  2 hobgoblin zombies (D:11)
  19 kobolds
  4 orc skeletons (D:11)
  11 orc zombies (D:11)
  3 rats
  A spectral goblin (D:9)
  4 briar patches (Swamp:3)
945 creatures vanquished.

Vanquished Creatures (others)
  2 bloated husks (Swamp:2)
  A human (D:14)
  A white imp (IceCv)
  14 foxfires
  27 fungi
  63 plants
108 creatures vanquished.

Grand Total: 1053 creatures vanquished

Notes
Turn   | Place    | Note
-------+----------+-------------------------------------------
     0 | D:1      | cbfl8 the Minotaur Berserker began the quest for the Orb.
     0 | D:1      | Reached XP level 1. HP: 19/19 MP: 0/0
   292 | D:1      | Reached XP level 2. HP: 20/27 MP: 1/1
   814 | D:1      | Reached ** piety under Trog
  1056 | D:2      | Reached XP level 3. HP: 33/33 MP: 2/2
  1238 | D:2      | Found a faded altar of an unknown god.
  1280 | D:2      | Found a white marble altar of Elyvilon.
  1365 | D:2      | Reached skill level 1 in Evocations
  1365 | D:2      | Reached XP level 4. HP: 14/40 MP: 3/3
  1725 | D:2      | Reached skill level 1 in Stealth
  1731 | D:2      | HP: 3/60 [something (3)]
  1734 | D:2      | HP: 1/60 [something (3)]
  1736 | D:2      | Reached XP level 5. HP: 1/46 MP: 4/4
  2726 | D:2      | Found a runed translucent door.
  2727 | D:2      | Noticed Crazy Yiuf
  2733 | D:2      | Killed Crazy Yiuf
  2821 | D:3      | Reached skill level 5 in Axes
  2883 | D:3      | Found an ancient bone altar of Kikubaaqudgha.
  2913 | D:3      | Reached XP level 6. HP: 30/53 MP: 5/5
  3109 | D:3      | Reached *** piety under Trog
  3287 | D:3      | Found a bloodstained altar of Trog.
  3328 | D:3      | Noticed Jessica
  3334 | D:3      | Killed Jessica
  3556 | D:4      | Reached skill level 5 in Armour
  3657 | D:4      | Found a white marble altar of Elyvilon.
  3663 | D:4      | Reached XP level 7. HP: 60/60 MP: 6/6
  4479 | D:5      | Entered Level 5 of the Dungeon
  4536 | D:5      | Found Huph's Antique Weapon Shoppe.
  4672 | D:5      | Reached skill level 5 in Fighting
  4833 | D:5      | Reached XP level 8. HP: 38/68 MP: 7/7
  5615 | D:6      | Reached **** piety under Trog
  6096 | D:6      | Found Voann's Weapon Shoppe.
  6101 | D:6      | Found Vucof's Distillery.
  6101 | D:6      | Found Vuirus's Magic Scroll Boutique.
  6103 | D:6      | Found Loenezxie's Antique Weapon Shop.
  6140 | D:6      | Bought a potion of might for 56 gold pieces
  6371 | D:6      | Reached skill level 5 in Dodging
  6371 | D:6      | Reached XP level 9. HP: 42/75 MP: 8/8
  6720 | D:6      | Bought a scroll of teleportation for 42 gold pieces
  6720 | D:6      | Bought a scroll of identify for 28 gold pieces
  6720 | D:6      | Bought a scroll of magic mapping for 49 gold pieces
  7957 | D:7      | Found Imeavyc's Antique Weapon Boutique.
  7965 | D:7      | Found a staircase to the Ecumenical Temple.
  8332 | D:7      | Reached ***** piety under Trog
  8799 | D:8      | Noticed Maurice
  8820 | D:8      | Noticed a manticore
  8832 | D:8      | Killed a manticore
  9018 | D:8      | Reached XP level 10. HP: 74/84 MP: 9/9
  9136 | D:8      | Found a glowing silver altar of Zin.
  9798 | D:8      | Killed Maurice
  9799 | D:8      | Reached skill level 10 in Armour
  9815 | D:8      | Found Jimpiyw's Armour Shop.
 10347 | D:8      | Received a gift from Trog
 10365 | D:8      | Reached skill level 5 in Stealth
 10658 | D:8      | Found Witos's Jewellery Shoppe.
 10860 | D:8      | Found an opulent altar of Gozag.
 11134 | D:9      | Noticed a death yak
 11137 | D:9      | Found a staircase to the Lair.
 11146 | D:9      | Killed a death yak
 11147 | D:9      | Reached skill level 1 in Shields
 11147 | D:9      | Reached skill level 5 in Evocations
 11147 | D:9      | Noticed a death yak
 11147 | D:9      | Noticed a death yak
 11158 | D:9      | Found a hazy altar of Hepliaklqana.
 11467 | D:9      | Reached skill level 10 in Axes
 11576 | D:9      | Found Remmoocual's Armour Emporium.
 11621 | D:9      | Noticed a boulder beetle
 11651 | D:9      | Killed a boulder beetle
 11942 | D:9      | Killed a death yak
 11943 | D:9      | Reached XP level 11. HP: 93/93 MP: 10/10
 11950 | D:9      | Killed a death yak
 12420 | D:10     | Entered Level 10 of the Dungeon
 12818 | D:10     | Found a snail-covered altar of Cheibriados.
 13860 | D:11     | Noticed a boulder beetle
 13877 | D:11     | Killed a boulder beetle
 14186 | D:11     | Found a staircase to the Orcish Mines.
 15870 | D:12     | Found a shadowy altar of Dithmenos.
 15902 | D:12     | Noticed a boulder beetle
 15919 | D:12     | Killed a boulder beetle
 16348 | D:12     | Reached XP level 12. HP: 103/103 MP: 3/11
 16903 | D:12     | Noticed a boulder beetle
 16937 | D:12     | Killed a boulder beetle
 17128 | D:13     | Noticed Urug
 17143 | D:13     | Killed Urug
 17143 | D:13     | Noticed a centaur warrior
 17147 | D:13     | Killed a centaur warrior
 17148 | D:13     | Reached skill level 5 in Shields
 17443 | D:13     | Noticed a five-headed hydra
 18660 | D:14     | Noticed a centaur warrior
 18670 | D:14     | Killed a centaur warrior
 19211 | D:14     | Found an ornate altar of the Wu Jian Council.
 19592 | D:14     | Noticed a vault guard
 19594 | D:14     | Noticed a vault guard
 19606 | D:14     | Killed a vault guard
 19607 | D:14     | Reached skill level 10 in Fighting
 19617 | D:14     | Killed a vault guard
 19827 | D:14     | Found a gate to the Vaults.
 20179 | D:15     | Entered Level 15 of the Dungeon
 20214 | D:15     | Reached XP level 13. HP: 70/114 MP: 4/12
 21281 | D:15     | Paralysed by something for 3 turns
 21696 | D:15     | HP: 1/116 [white ugly thing (18)]
 23939 | D:15     | Noticed Nessos
 23944 | D:15     | Killed Nessos
 24636 | D:15     | Noticed a spark wasp
 24636 | D:15     | an anaconda changed into a spark wasp
 24644 | D:15     | Killed a spark wasp
 24653 | D:15     | Found a staircase to the Depths.
 26079 | Lair:1   | Entered Level 1 of the Lair of Beasts
 26102 | Lair:1   | Reached XP level 14. HP: 125/126 MP: 4/13
 26134 | Lair:1   | Reached skill level 15 in Armour
 27909 | Lair:2   | Reached skill level 10 in Shields
 28336 | Lair:2   | Noticed Sonja
 28340 | Lair:2   | Killed Sonja
 28920 | Lair:3   | Found a frozen archway.
 28933 | IceCv    | Entered an ice cave
 29405 | IceCv    | Received a gift from Trog
 29662 | IceCv    | Identified the +2 pair of gloves of Cyfekel {rElec rPois
                  | Dex+2 Stlth+}
 30390 | IceCv    | Noticed a reaper
 30390 | IceCv    | Found the +7 pair of quick blades "Gyre" and "Gimble"
                  | {protect}
 30407 | IceCv    | Killed a reaper
 31416 | Lair:3   | Found a staircase to the Swamp.
 31532 | Lair:3   | Found the +14 obsidian axe {vorpal, Mesm Drain Fly SInv}
 32112 | Lair:4   | Found a staircase to the Snake Pit.
 32211 | Lair:4   | Reached skill level 15 in Axes
 32801 | Lair:5   | Found a staircase to the Slime Pits.
 33562 | Lair:6   | Entered Level 6 of the Lair of Beasts
 33575 | Lair:6   | Reached XP level 15. HP: 135/136 MP: 4/14
 34093 | Lair:6   | Received a gift from Trog
 34192 | Lair:6   | Found a large runed translucent door.
 34761 | Lair:6   | Found a large runed translucent door.
 34986 | Lair:6   | Identified the +2 rapier of a wizard's laboratory {venom,
                  | rPois Will- MP+9 Int+3}
 35633 | Lair:6   | Identified a scroll of acquirement
 35636 | Lair:6   | Acquired a manual of Dodging
 35912 | Orc:1    | Entered Level 1 of the Orcish Mines
 36152 | Orc:1    | Found a bloodstained altar of Trog.
 36917 | Orc:1    | Received a gift from Trog
 36949 | Orc:1    | Noticed an orc warlord
 36967 | Orc:1    | Killed an orc warlord
 37197 | Orc:2    | Entered Level 2 of the Orcish Mines
 37200 | Orc:2    | Found a gate leading to a gauntlet.
 37216 | Gauntlet | Entered a Gauntlet
 37216 | Gauntlet | Found a transporter.
 37221 | Gauntlet | Found a runed translucent door.
 37222 | Gauntlet | Found a transporter.
 37232 | Gauntlet | Found a runed translucent door.
 37234 | Gauntlet | Found a transporter.
 37238 | Gauntlet | Found a transporter.
 37248 | Gauntlet | Found a transporter.
 37268 | Gauntlet | Found a transporter.
 37281 | Gauntlet | Found a transporter.
 37301 | Gauntlet | Found a transporter.
 37303 | Gauntlet | Found a transporter.
 37312 | Gauntlet | Found a transporter.
 37334 | Gauntlet | Found a transporter.
 37338 | Gauntlet | Found a transporter.
 37579 | Gauntlet | Identified the amulet "Heckor" {rN+ Regen+ Int-4 Dex+2}
 37930 | Orc:2    | Found a staircase to the Elven Halls.
 37981 | Orc:2    | Noticed an orc warlord
 38007 | Orc:2    | Killed an orc warlord
 38018 | Orc:2    | Noticed Donald
 38040 | Orc:2    | Killed Donald
 38354 | Orc:2    | Found Oreyng's Antique Weapon Emporium.
 38358 | Orc:2    | Received a gift from Trog
 38366 | Orc:2    | Found Biedd's Antique Armour Emporium.
 38384 | Orc:2    | Found Gerghee's General Store.
 38387 | Orc:2    | Found Loer Omoetyf's Jewellery Emporium.
 38519 | Orc:2    | Found Warchatu's Assorted Antiques.
 38838 | Orc:1    | Noticed Snorg
 38855 | Orc:1    | Killed Snorg
 39341 | Swamp:1  | Entered Level 1 of the Swamp
 39445 | Swamp:1  | Reached XP level 16. HP: 104/147 MP: 15/15
 39688 | Swamp:1  | Reached skill level 15 in Fighting
 41168 | Swamp:2  | Reached skill level 10 in Dodging
 41497 | Swamp:2  | Reached skill level 10 in Evocations
 42269 | Swamp:2  | Identified the +1 scale mail of the Spider Nest {Rampage
                  | Fly rC++ Int+4}
 42543 | Swamp:2  | Reached skill level 15 in Shields
 43384 | Swamp:2  | Found a runed translucent gate.
 43385 | Swamp:2  | Found a runed translucent gate.
 43385 | Swamp:2  | Found a runed translucent gate.
 43387 | Swamp:2  | Noticed Coron's ghost (adept DDAK)
 43388 | Swamp:2  | Noticed a tentacled monstrosity
 43682 | Swamp:2  | Reached ****** piety under Trog
 43682 | Swamp:2  | Received a gift from Trog
 44540 | Swamp:3  | HP: 3/150 [acid[a spriggan druid] (9)]
 45206 | Swamp:3  | Noticed a thorn hunter
 45211 | Swamp:3  | a thorn hunter changed into a shambling mangrove
 45491 | Swamp:4  | Entered Level 4 of the Swamp
 46002 | Snake:1  | Entered Level 1 of the Snake Pit
 46136 | Snake:1  | Noticed Louise
 46163 | Snake:1  | Killed Louise
 46178 | Snake:1  | Reached XP level 17. HP: 140/158 MP: 16/16
 46908 | Snake:2  | HP: 2/237 [salamander/+0 trident (11)]
 46909 | Snake:2  | Succumbed to a nagaraja's bolt of poison

Illustrated notes

Levels and vault maps discovered:
D:1:      minmay_arrival_semitransparent, layout_loops_cross
D:2:      layout_basic, basic_altar, basic_ecumenical_altar,
          uniq_crazy_yiuf_cottage
D:3:      layout_basic, bloody_trog, mainiacjoe_overflow_small_starburst,
          uniq_jessica
D:4:      layout_loops_ring, nicolae_overflow_hidden_temple
D:5:      layout_rooms, serial_bayou, serial_bayou_ford_a, serial_bayou_pond_a,
          serial_bayou_shore_a, serial_bayou_lake_a, serial_shops, shop
D:6:      layout_loops_ring, nicolae_wooded_promenade, grunt_ministairs_10
D:7:      layout_rooms, minmay_temple_entry_offerings, serial_shops,
          nicolae_stop_n_shop_1, hangedman_decor_riveting, st_stairs_13
D:8:      layout_cave_pools, pdpol_temple_overflow_zin_treasury_gozag_greed,
          serial_gnoll_camp, gnoll_camp_mini_hut, gnoll_camp_medium_02,
          gnoll_camp_medium_01, gnoll_camp_mini_shop, serial_shops,
          kennysheep_mini_moat, uniq_maurice
D:9:      layout_roguey, nicolae_hepliaklqana_monster_ancestors,
          dpeg_lair_monsters, serial_shops,
          nicolae_shop_temple_entry_statues_fountains
D:10:     layout_basic, kennysheep_slug_shrine
D:11:     layout_layer_cave, zombieorc2_lemuel
D:12:     layout_rooms, nicolae_dithmenos_the_darkroom
D:13:     layout_loops_ring, minivault_7, uniq_urug
D:14:     layout_loops_corners, ximxim_vaults_locker_room,
          nzn_wu_jian_contemplation
D:15:     gammafunk_enter_depths_forms, layout_basic, minmay_misc_feat_tiny,
          drop_trap, uniq_nessos
Lair:1:   layout_small_grid, grunt_megastairs_1
Lair:2:   layout_cave_pods, uniq_sonja
Lair:3:   layout_chaotic_city, skrybe_swamp_entry_bodies, portal_ice_cave_rime,
          serial_bayou_pond_d, hangedman_lair_generics_rect, grunt_megastairs_2
Lair:4:   layout_regular_city, guppyfry_snake_entry_island
Lair:5:   hellmonk_destroyed_diamonds, layout_regular_city,
          minmay_slime_entry_pillars, nzn_sisyphean_effort
Lair:6:   cheibrodos_lair_end_hotspot, layout_loops_ring, serial_bayou_lagoon_b
Swamp:1:  layout_falls_marsh, evilmike_swamp_ruin_house_5
Swamp:2:  nicolae_swamp_flooded_prison, layout_falls_marsh,
          gammafunk_ghost_split, nicolae_swamp_long_stream
Swamp:3:  layout_falls_marsh, evilmike_swamp_ruin_rubble_1
Swamp:4:  swamp_icy, layout_basic_swamp
Snake:1:  layout_misc_corridors, uniq_louise
Snake:2:  layout_rooms, serial_shops, shop_statue
Orc:1:    layout_diamond_mine, basic_altar, uniq_snorg
Orc:2:    grunt_orc_cross, layout_caves, basic_altar, gauntlet_entry_generic,
          serial_shops, nicolae_square_shop, nicolae_orc_sculptors_studio,
          uniq_donald

Skill      XL: |  1  2  3  4  5  6  7  8  9 10 11 12 13 14 15 16 |
---------------+-------------------------------------------------+-----
Axes           | 4 5 6 8 9 10 11 12 13 15 16 17 | 17.2
Fighting       | 4 5 6 7 8 10 12 13 14 15 | 15.9
Armour         | 3 4 5 6 7 9 11 12 13 14 15 16 17 | 17.4
Evocations     | 1 2 3 4 5 6 7 8 9 10 | 10.4
Stealth        | 1 2 3 4 5 6 |  6.3
Dodging        | 3 4 5 6 7 8 9 11 | 11.4
Shields        | 2 4 7 9 12 13 15 | 15.9

Action                   |  1- 3 |  4- 6 |  7- 9 | 10-12 | 13-15 | 16-18 || total
-------------------------+-------+-------+-------+-------+-------+-------++-------
Melee: Hand axe          |    85 |   123 |   317 |   251 |       |       ||   776
       Headbutt          |     5 |    17 |    79 |   157 |   421 |   167 ||   846
       Punch             |     1 |     3 |     3 |     2 |       |       ||     9
       War axe           |       |       |       |   382 |  1142 |     9 ||  1533
       Broad axe         |       |       |       |       |   297 |   627 ||   924
Invok: Berserk           |     1 |     4 |     6 |    10 |    21 |     6 ||    48
       Trog's Hand       |       |     1 |       |     1 |     3 |       ||     5
Evoke: Wand              |       |       |       |    30 |    13 |     8 ||    51
  Use: Scroll            |       |     1 |     6 |    14 |    19 |     5 ||    45
       Potion            |       |       |       |       |     2 |       ||     2
 Stab: Distracted        |       |       |       |       |     1 |       ||     1
Armor: Animal skin       |     1 |       |       |       |       |       ||     1
       Ring mail         |    22 |    36 |    11 |       |       |       ||    69
       Chain mail        |       |       |   164 |    63 |       |       ||   227
       Plate armour      |       |       |       |   233 |   265 |       ||   498
       Crystal plate arm |       |       |       |       |   425 |   361 ||   786
Dodge: Dodged            |    48 |    65 |   155 |   263 |   380 |   169 ||  1080
Block: Buckler           |       |       |       |   240 |   108 |       ||   348
       Reflection        |       |       |       |    15 |    19 |    13 ||    47
       Kite shield       |       |       |       |       |  1172 |   694 ||  1866
